Unix NetHack Version 5.0.0-0 post-release - last build May  4 2026 22:22:43 (774f63e81ad911689b3a0859ea89b322d5daca8d,branch:main).

Game began 2026-05-10 06:15:46, ended 2026-05-10 06:33:56.

2462064111, neutral male human Barbarian

               ........
               .)..@h..%
               .---..%(.
                    .`).

2462064111 the Pillager    St:17 Dx:18 Co:18 In:9 Wi:7 Ch:6  Neutral
Dlvl:4  $:47 HP:0(36) Pw:7(7) AC:7  Xp:3 T:1201 

Latest messages:
 You see here a scroll labeled PRIRUTSENIE.
 You are hit by an orcish dagger.
 You kill the goblin!
 Welcome to experience level 3.
 You see here an orcish helm.
 You see here an orcish helm.
 The door opens.
 You hear the chime of a cash register.
 The plumbing connects it to the floor.
 You see here a brass wand.
 With great effort you move the boulder.
 You try to move the boulder, but in vain.
 You try to move the boulder, but in vain.
 You try to move the boulder, but in vain.
 You hear a slow drip.
 You hear a jackal howling at the moon.
 The door opens.
 You descend the stairs.
 The crossbow bolt misses the gnome.
 You are hit by a crossbow bolt.
 The crossbow bolt hits the gnome!
 You kill the gnome!
 With great effort you move the boulder.
 You see here a leash.
 The gnome wields 5 daggers!
 You kill the gnome!
 The gnome lord picks up 5 daggers.
 You smite the gnome lord!
 The gnome lord wields 5 daggers!
 You smite the gnome lord.
 The dagger hits the gnome.
 The gnome lord thrusts one of his daggers.
 The gnome lord hits!
 The gnome swings his crossbow.
 The gnome hits!
 You are hit by a crossbow bolt!
 You are hit by a crossbow bolt!
 You are hit by a crossbow bolt.
 The gnome swings his crossbow.
 The gnome hits!
 You are almost hit by an arrow.
 You are hit by a dagger.
 You are hit by a dagger.
 The hobbit hits!
 You die...
 Do you want your possessions identified? [ynq] (y) n
 Do you want to see your attributes? [ynq] (y) n
 Do you want an account of creatures vanquished? [ynaq] (y) n
 Do you want to see your conduct and achievements? [ynq] (y) n
 Do you want to see the dungeon overview? [ynq] (y) n

Inventory:
 Coins    ('$')
  $ - 47 gold pieces
 Weapons  (')')
  b - a +0 axe (alternate weapon; not wielded)
  a - a +0 two-handed sword (weapon in hands)
 Armor    ('[')
  c - an uncursed +0 ring mail (being worn)
 Comestibles  ('%')
  h - 2 uncursed food rations
  f - 2 uncursed lembas wafers
 Tools    ('(')
  e - a +0 pick-axe
 Gems/Stones  ('*')
  g - an uncursed worthless piece of blue glass

2462064111 the Barbarian's attributes:

Background:
 You were a Pillager, a level 3 male human Barbarian.
 You were neutral, nominally on a mission for Crom
 who was opposed by Mitra (lawful) and Set (chaotic).
 You were right-handed.
 You were in the Gnomish Mines, on level 4.
 You entered the dungeon 1201 turns ago.
 You had 54 experience points, 26 more were needed to attain level 4.

Basics:
 You had 0 out of 36 hit points.
 You had all 7 energy points (spell power).
 Your armor class was 7.
 Your wallet contained 47 zorkmids.
 Autopickup was off.

Final Characteristics:
 Your strength was 17 (limit:18/100).
 Your dexterity was 18 (limit:18).
 Your constitution was 18 (limit:18).
 Your intelligence was 9 (limit:18).
 Your wisdom was 7 (limit:18).
 Your charisma was 6 (limit:18).

Final Status:
 You weren't hungry.
 You were unencumbered.
 You were wielding a two-handed sword.
 You had basic skill with two-handed sword.

Final Attributes:
 You were devoutly aligned.
 You were poison resistant.
 You were warded.
 You are dead.

Miscellaneous:
 You didn't encounter any bones levels.
 Total elapsed playing time was 18 minutes and 8 seconds.

Major events:
 Turn
    1: 2462064111 the neutral male human Barbarian entered the dungeon
 1035: attained the rank of Pillager (level 3)
 1184: entered the Gnomish Mines
 1201: killed by a hobbit

You didn't know any spells.

Skills:
 Fighting Skills
   bare handed combat [Basic]
   two weapon combat  [Unskilled]
   riding             [Unskilled]
 Weapon Skills
   dagger             [Unskilled]
   axe                [Basic]
   pick-axe           [Unskilled]
   short sword        [Unskilled]
   broadsword         [Unskilled]
   long sword         [Unskilled]
   two-handed sword   [Basic]
   saber              [Unskilled]
   club               [Unskilled]
   mace               [Unskilled]
   morning star       [Unskilled]
   flail              [Unskilled]
   hammer             [Unskilled]
   quarterstaff       [Unskilled]
   spear              [Unskilled]
   trident            [Unskilled]
   bow                [Unskilled]
 Spellcasting Skills
   attack spells      [Unskilled]
   escape spells      [Unskilled]

Voluntary challenges:
 Character rerolling was not enabled.
 You followed a strict vegan diet.
 You were an atheist.
 You were illiterate.
 You never genocided any monsters.
 You never polymorphed an object.
 You never changed form.
 You used no wishes.
Achievements:
 You attained the rank of Pillager.
 You entered the Gnomish Mines.

 The Dungeons of Doom: levels 1 to 3
    Level 1:
       A fountain.
    Level 2:
    Level 3:
       A fountain, some sinks.
       Stairs down to The Gnomish Mines.
 The Gnomish Mines:
    Level 4: <- You were here.
       Final resting place for
          you, killed by a hobbit.


Vanquished creatures:
  a hobbit
  2 gnomes
  a gnome zombie
  4 jackals
  a kobold
  a goblin
  3 sewer rats
  2 lichens
  a kobold zombie
  6 newts
22 creatures vanquished.

No species were genocided or became extinct.

Game over:
                       ----------
                      /          \
                     /    REST    \
                    /      IN      \
                   /     PEACE      \
                  /                  \
                  |    2462064111    |
                  |      47 Au       |
                  |   killed by a    |
                  |      hobbit      |
                  |                  |
                  |                  |
                  |       2026       |
                 *|     *  *  *      | *
        _________)/\\_//(\/(/\)/\//\/|_)_______

Goodbye 2462064111 the Barbarian...

You died in The Gnomish Mines on dungeon level 4 with 409 points,
and 47 pieces of gold, after 1201 moves.
You were level 3 with a maximum of 36 hit points when you died.

